 Dungeon Crawl Stone Soup version 0.17.1-1-g73c8601 (console) character file.

101 Kloppie the Chopper (level 4, 0/39 HPs)
             Began as a Minotaur Gladiator on Dec 24, 2015.
             Slain by a gnoll
             ... wielding a +0 club
              (1 damage)
             ... on level 3 of the Dungeon.
             The game lasted 00:03:07 (1908 turns).

Kloppie the Chopper (Minotaur Gladiator)            Turns: 1908, Time: 00:03:07

Health: 0/39       AC:  8    Str: 19    XL:     4   Next: 48%
Magic:  3/3        EV: 13    Int:  0    God:
Gold:   119        SH:  0    Dex: 12    Spells: 0 memorised, 3 levels left

rFire  . . .     SeeInvis .     a - +0 war axe
rCold  . . .     Clarity  .     b - +0 leather armour
rNeg   . . .     SustAt   .     (no shield)
rPois  .         Gourm    .     c - +0 hat
rElec  .         Spirit   .     h - +1 cloak
rCorr  .         Warding  .     r - +2 pair of gloves
rMut   .         Stasis   .     (no boots)
MR     .....                    (no amulet)
Stlth  +.........               (no ring)
                                n - -5 ring of intelligence (curse)

@: slowed, lost intelligence, very slow, not resistant to hostile enchantments,
very unstealthy
A: retaliatory headbutt, horns 2
a: no special abilities


You were on level 3 of the Dungeon.
You were hungry.

You visited 1 branch of the dungeon, and saw 3 of its levels.

You collected 119 gold pieces.

Inventory:

Hand Weapons
 a - a +0 war axe (weapon)
Missiles
 d - 3 throwing nets (quivered)
Armour
 b - a +0 leather armour (worn)
 c - a +0 hat (worn)
 h - a +1 cloak (worn)
 r - a +2 pair of gloves (worn)
Jewellery
 n - a cursed -5 ring of intelligence (left hand)
Scrolls
 j - 2 scrolls of recharging {unknown}
 l - a scroll of blinking {unknown}
 p - a scroll of fog {unknown}
 q - a scroll of remove curse {unknown}
 w - a scroll of identify {unknown}
 x - a scroll of enchant weapon {unknown}
Potions
 m - a potion of magic {unknown}
 s - 2 potions of cure mutation {unknown}
 t - a potion of lignification {unknown}
 v - a potion of curing {unknown}
Comestibles
 e - 2 bread rations
 g - 2 beef jerkies
 i - a slice of pizza
 o - a meat ration


   Skills:
 + Level 3.6 Fighting
 + Level 4.6 Axes
 - Level 2.0 Throwing
 + Level 4.5 Dodging


You had 3 spell levels left.
You didn't know any spells.

Dungeon Overview and Level Annotations

Branches:
Dungeon (3/15)

Altars:
Fedhas
Kikubaaqudgha


Innate Abilities, Weirdness & Mutations

You reflexively headbutt those who attack you in melee.
You have a pair of horns on your head.


Message History

You hit the gnoll but do no damage.
The gnoll is heavily wounded.
You closely miss the gnoll. The gnoll closely misses you.
The gnoll hits you with a club.
* * * LOW HITPOINT WARNING * * *
The gnoll hits you with a flail.
* * * LOW HITPOINT WARNING * * *
The gnoll hits you but does no damage.
The gnoll hits you from afar with a spear.
* * * LOW HITPOINT WARNING * * *
The gnoll hits you with a flail.
* * * LOW HITPOINT WARNING * * *
A gnoll comes into view. It is wielding a quarterstaff.
You completely miss the gnoll.
The gnoll is heavily wounded.
You slash the gnoll!
The gnoll is almost dead.
The gnoll closely misses you.
The gnoll moves out of view.
The gnoll hits you with a club.
You die...

.##+#+#.............#......##P_.#
...........####.....#......##..P#
...........'..'.....#.....†#...##
...........####............#..P#.
.................................
+#...............................
.#........................#..P#..
.#.......................##P[.##.
.#.............g@...######...###.
#.........#....g##### #._P#.#.
#.........#....g. #..P#.#.
#.........###... #####.##
.......... #... #..... .##.......
#... ###.#### [......... #...
#.#.#... .......... #... #.#.#.##
.......... #.....#


You could see 3 gnolls.

Vanquished Creatures
  Jessica (D:2)
  4 adders
  A worm (D:2)
  2 ball pythons
  5 giant cockroaches
  3 hobgoblins
  7 kobolds
  3 bats
  3 giant newts
  5 goblins
  11 rats
45 creatures vanquished.

Notes
Turn   | Place    | Note
--------------------------------------------------------------
     0 | D:1      | Kloppie the Minotaur Gladiator began the quest for the Orb.
     0 | D:1      | Reached XP level 1. HP: 18/18 MP: 0/0
   436 | D:1      | Reached XP level 2. HP: 25/25 MP: 1/1
   475 | D:1      | Reached skill level 4 in Axes
  1223 | D:2      | Reached XP level 3. HP: 24/30 MP: 2/2
  1288 | D:2      | Noticed Jessica
  1293 | D:2      | Killed Jessica
  1478 | D:2      | Reached XP level 4. HP: 33/38 MP: 3/3
  1618 | D:2      | Lost intelligence.
  1747 | D:3      | Lost intelligence.
  1797 | D:3      | Found a blossoming altar of Fedhas.
  1799 | D:3      | Found an ancient bone altar of Kikubaaqudgha.
  1907 | D:3      | HP: 1/39 [gnoll/flail (3)]
  1908 | D:3      | Slain by a gnoll

Action                   |  1- 3 |  4- 6 || total
-------------------------+-------+-------++-------
Melee: War axe           |    51 |    20 ||    71
  Use: Potion            |       |     2 ||     2
  Eat: Chunk             |     2 |     1 ||     3
